 Dungeon Crawl Stone Soup version 0.19.5 (webtiles) character file.

49251 Peloso the Fencer (level 14, 0/129 HPs)
             Began as a Minotaur Fighter on Mar 28, 2017.
             Was the Champion of Okawaru.
             Slain by a nine-headed hydra (11 damage)
             ... on level 5 of the Lair of Beasts.
             The game lasted 01:13:41 (18876 turns).

Peloso the Fencer (Minotaur Fighter)               Turns: 18876, Time: 01:13:46

Health: 0/129      AC: 20    Str: 28    XL:     14   Next: 15%
Magic:  14/14      EV: 10    Int:  5    God:    Okawaru [******]
Gold:   770        SH: 16    Dex: 12    Spells: 0 memorised, 13 levels left

rFire  . . .     SeeInvis +     S - +1 scimitar (flame)
rCold  . . .     Gourm    .     Y - +1 plate armour of Autotheism {rCorr Str+4}
rNeg   + . .     Faith    +     c - +1 shield
rPois  .         Spirit   .     i - +2 hat {SInv}
rElec  .         Reflect  .     x - +0 cloak
rCorr  +         Harm     .     s - +0 pair of gloves
MR     +....                    L - +0 pair of boots {Stlth+}
Stlth  ..........               E - amulet of faith
                                e - ring of positive energy
                                H - -3 ring of protection (curse)

@: lethally poisoned (0 -> 0)
A: retaliatory headbutt, horns 2
a: Heroism, Finesse, Renounce Religion


You were on level 5 of the Lair of Beasts.
You worshipped Okawaru.
Okawaru was exalted by your worship.
You were hungry.

You visited 3 branches of the dungeon, and saw 20 of its levels.
You also visited: Labyrinth and Sewer.

You collected 1238 gold pieces.
You spent 468 gold pieces at shops.

Inventory:

Hand Weapons
 t - a +3 demon blade of slicing
 S - a +1 scimitar of flaming (weapon)
 U - the +1 scimitar of Wumim {speed, Str+5 Dex+4}
   (Okawaru gifted it to you on level 1 of the Lair of Beasts)

   Attacks with this weapon are significantly faster.
   It affects your strength (+5).
   It affects your dexterity (+4).
Armour
 c - a +1 shield (worn)
 i - a +2 hat of see invisible (worn)
 s - a +0 pair of gloves (worn)
 x - a +0 cloak (worn)
 L - a +0 pair of boots of stealth (worn)
 Y - the +1 plate armour of Autotheism (worn) {rCorr Str+4}
   (Okawaru gifted it to you on level 11 of the Dungeon)

   It affects your strength (+4).
   It protects you from acid and corrosion.
Rods
 A - a +2 iron rod (10/10)
   (You found it in a labyrinth)
Jewellery
 a - an uncursed ring of protection from magic
 b - an uncursed ring of fire
 e - a ring of positive energy (right hand)
 o - an uncursed ring of protection from fire
 u - an uncursed ring of see invisible
 E - an amulet of faith (around neck)
 H - a cursed -3 ring of protection (left hand)
 M - the ring "Lusuemis" {rPois rC- MR+ EV+2 Int+2}
   (You found it on level 6 of the Dungeon)

   [ring of evasion]

   It affects your evasion (+2).
   It affects your intelligence (+2).
   It makes you vulnerable to cold.
   It protects you from poison.
   It affects your resistance to hostile enchantments.
Wands
 j - a wand of confusion (22/48)
 w - a wand of digging (15/24)
 y - a wand of acid (5/15)
 G - a wand of enslavement (17/24)
 P - a wand of flame (23/48)
 X - a wand of disintegration (11/24)
Scrolls
 n - 2 scrolls of blinking
 q - 2 scrolls of fog
 v - 4 scrolls of recharging
 z - 2 scrolls of fear
 B - 2 scrolls of teleportation
 C - 3 scrolls of magic mapping
 D - 2 scrolls of identify
 F - 7 scrolls of remove curse
 K - a scroll of brand weapon
 R - a scroll of enchant weapon
Potions
 d - 2 potions of might
 k - 3 potions of haste
 l - a potion of resistance
 m - 8 potions of heal wounds
 r - 11 potions of curing
 I - a potion of brilliance
 J - a potion of agility
 N - 2 potions of ambrosia
 Q - 2 potions of flight
 Z - a potion of invisibility
Comestibles
 f - 6 bread rations
 g - 13 meat rations
 h - 6 beef jerkies
 p - 15 fruits
 O - 10 slices of pizza


   Skills:
 + Level 13.1 Fighting
 + Level 15.7 Long Blades
 + Level 13.1 Armour
 + Level 4.1 Dodging
 + Level 1.2 Stealth
 + Level 15.4 Shields
 + Level 0.8 Invocations
 + Level 2.4 Evocations


You had 13 spell levels left.
You didn't know any spells.

Dungeon Overview and Level Annotations

Branches:
Dungeon (14/15)            Temple (1/1) D:5            Lair (5/6) D:8
 Shoals (0/4) Lair:3        Snake (0/4) Lair:3          Orc (0/2) D:9
  Slime: Lair:5-6    Vaults: D:13-14

Altars:
Cheibriados
Dithmenos
Elyvilon
Gozag
Kikubaaqudgha
Makhleb
Okawaru
Ru
Sif Muna
Trog
Xom
Yredelemnul
Zin
The Shining One

Shops:
D:4 (   D:5 [   D:9 (


Innate Abilities, Weirdness & Mutations

You reflexively headbutt those who attack you in melee.
You have a pair of horns on your head.


Message History

You block the eight-headed hydra's attack.
The eight-headed hydra bites you.
* * * LOW HITPOINT WARNING * * *
The eight-headed hydra bites you.
* * * LOW HITPOINT WARNING * * *
The eight-headed hydra bites you but does no damage. x2
You hack one of the eight-headed hydra's heads off!
The seven-headed hydra grows two more!
You slash the nine-headed hydra!
Your headbutt misses the nine-headed hydra.
The nine-headed hydra is heavily wounded.
Unknown command.
Wield which item (- for none, * to show all)? (? for menu, Esc to quit)
Your +1 scimitar of flaming bursts into flame!
S - a +1 scimitar of flaming (weapon)
The nine-headed hydra barely misses you.
You furiously retaliate!
You headbutt the nine-headed hydra! The nine-headed hydra bites you.
* * * LOW HITPOINT WARNING * * *
The nine-headed hydra bites you!
You die...

.... .... ....
.... ...## ....
##...## ..P.
##...P. ....
..... .... .
###..### . ....
.P##....#@# ..
....
....#...D##.##..
. #.
.......).........
..
.............#...
.. ...........P##
.. ............#
. ......#....#.#
P ......P........
.
................


You could see a nine-headed hydra.

Vanquished Creatures
  Rupert (Lair:3)
  A minotaur (Lab)
  2 ice dragons (Lair:5)
  2 hydras
  A catoblepas (Lair:2)
  3 death yaks (Lair:5)
  2 hell knights (D:12)
  Sonja (D:11)
  3 hill giants
  A necromancer (D:12)
  2 ugly things (D:11)
  2 manticores
  An oklob plant (Lair:2)
  3 centaur zombies
  11 elephants
  5 black mambas
  A guardian serpent (Lair:3)
  11 spiny frogs
  3 rime drakes
  An efreet (D:13)
  3 komodo dragons
  8 trolls
  5 hippogriffs
  5 dream sheep (Lair:3)
  36 yaks
  3 wyverns
  2 basilisks
  A human (D:8)
  3 wraiths
  3 hogs (D:8)
  A steam dragon (D:9)
  2 hungry ghosts
  A mottled dragon (D:11)
  A soldier ant (D:10)
  3 hell hounds (D:12)
  9 porcupines
  6 water moccasins
  13 orc warriors
  2 sky beasts
  A black bear (D:10)
  16 ice beasts
  3 eyes of draining
  2 phantoms
  9 ogres
  4 wolves (Lair:2)
  12 centaurs
  16 crocodiles
  3 big kobolds
  A gnoll sergeant (D:12)
  13 bullfrogs
  A wyvern skeleton (D:12)
  4 scorpions
  11 killer bees
  6 electric eels (D:8)
  9 crimson imps
  A bullfrog zombie (D:8)
  5 hounds
  3 jellies
  13 orc priests
  3 bullfrog skeletons
  4 centaur skeletons
  3 gnoll shamans (D:7)
  Jessica (D:3)
  6 iguanas
  Ijyb (D:2)
  17 orc wizards
  7 worker ants
  2 killer bee zombies
  A hound skeleton (D:7)
  15 adders
  21 gnolls
  A howler monkey skeleton (D:6)
  5 river rats (D:8)
  3 shadow imps
  2 oozes
  An adder zombie (D:10)
  2 worms
  A dart slug (D:3)
  6 leopard geckos
  56 orcs
  6 giant cockroaches
  9 goblins
  6 hobgoblins
  16 jackals
  5 quokkas
  2 ball pythons
  23 bats
  6 frilled lizards
  A jackal skeleton (D:5)
  19 kobolds
  27 rats
  A fungus (Lair:3)
  3 plants
579 creatures vanquished.

Vanquished Creatures (others)
  13 fungi
  5 plants (D:7)
18 creatures vanquished.

Grand Total: 597 creatures vanquished

Notes
Turn   | Place    | Note
-------+----------+-------------------------------------------
     0 | D:1      | Peloso the Minotaur Fighter began the quest for the Orb.
     0 | D:1      | Reached XP level 1. HP: 19/19 MP: 0/0
    74 | D:1      | Reached XP level 2. HP: 22/27 MP: 1/1
   529 | D:2      | Reached XP level 3. HP: 29/33 MP: 2/2
   598 | D:2      | Noticed Ijyb
   623 | D:2      | Killed Ijyb
   623 | D:2      | Reached XP level 4. HP: 37/40 MP: 3/3
   960 | D:2      | Reached skill level 1 in Dodging
   966 | D:2      | Found a sacrificial altar of Ru.
  1142 | D:3      | Noticed Jessica
  1146 | D:3      | Killed Jessica
  1243 | D:3      | Reached XP level 5. HP: 46/46 MP: 4/4
  1305 | D:3      | Found a glowing drain.
  1316 | Sewer    | Entered a sewer
  1430 | Sewer    | Reached skill level 5 in Long Blades
  1430 | Sewer    | Reached skill level 5 in Shields
  1584 | Sewer    | Reached XP level 6. HP: 50/53 MP: 5/5
  1847 | D:3      | Found a glowing golden altar of the Shining One.
  2076 | D:3      | Found a deep blue altar of Sif Muna.
  2419 | D:4      | Found Otont's Antique Weapon Emporium.
  2669 | D:4      | Reached XP level 7. HP: 53/60 MP: 6/6
  3006 | D:5      | Entered Level 5 of the Dungeon
  3042 | D:5      | Reached skill level 5 in Fighting
  3385 | D:5      | Found Kiufin's Armour Emporium.
  3632 | D:5      | Found a staircase to the Ecumenical Temple.
  3637 | Temple   | Entered the Ecumenical Temple
  3742 | Temple   | Became a worshipper of Warmaster Okawaru
  3802 | D:5      | Reached skill level 5 in Armour
  3802 | D:5      | Reached XP level 8. HP: 63/68 MP: 7/7
  4169 | D:6      | Found a snail-covered altar of Cheibriados.
  4178 | D:6      | Reached * piety under Okawaru
  4225 | D:6      | Got a translucent brass ring
  4230 | D:6      | Identified the ring "Lusuemis" {rPois rC- MR+ EV+2 Int+2} (You found it on level 6 of the Dungeon)
  4272 | D:6      | Found an opulent altar of Gozag.
  4332 | D:6      | Found a burning altar of Makhleb.
  4788 | D:7      | Noticed a troll
  4800 | D:7      | Killed a troll
  5055 | D:7      | Found an ancient bone altar of Kikubaaqudgha.
  5059 | D:7      | Reached ** piety under Okawaru
  5099 | D:7      | Found an ancient bone altar of Kikubaaqudgha.
  5219 | D:7      | Reached XP level 9. HP: 71/75 MP: 8/8
  5431 | D:7      | Reached *** piety under Okawaru
  5497 | D:7      | Reached skill level 10 in Long Blades
  6153 | D:8      | Reached **** piety under Okawaru
  6191 | D:8      | Got a slimy lapis lazuli ring
  6197 | D:8      | Identified the ring "Ruryser" {*Corrode rPois rC+ Int+4 Stlth+} (You found it on level 8 of the Dungeon)
  6366 | D:8      | Found a basalt altar of Yredelemnul.
  6380 | D:8      | Got a crystal falchion
  6381 | D:8      | Identified the cursed +1 falchion "Tillulo" {venom, Str+2 Int+4} (You found it on level 8 of the Dungeon)
  6573 | D:8      | Reached XP level 10. HP: 72/88 MP: 9/9
  6674 | D:8      | Found a staircase to the Lair.
  6683 | D:8      | Reached ***** piety under Okawaru
  6890 | D:8      | Reached skill level 10 in Shields
  7582 | D:9      | Reached skill level 1 in Evocations
  7809 | D:9      | Received a gift from Okawaru
  8318 | D:9      | Reached XP level 11. HP: 92/95 MP: 11/11
  8319 | D:9      | Found Axasol's Weapon Shop.
  8319 | D:9      | Found a staircase to the Orcish Mines.
  8470 | D:9      | Bought a +2 demon blade of draining for 468 gold pieces
  8685 | D:9      | Found a shimmering altar of Xom.
  9032 | D:10     | Entered Level 10 of the Dungeon
  9106 | D:10     | Found Roep's Armour Boutique.
  9942 | D:10     | Noticed a hill giant
  9964 | D:10     | Killed a hill giant
  9980 | D:10     | Got a steaming great sword
 10383 | Lair:1   | Entered Level 1 of the Lair of Beasts
 10401 | Lair:1   | Reached ****** piety under Okawaru
 10401 | Lair:1   | Received a gift from Okawaru
 10404 | Lair:1   | Got an ichor-stained scimitar {god gift}
 10415 | Lair:1   | Noticed a six-headed hydra
 10734 | D:11     | Noticed a green ugly thing
 10750 | D:11     | Killed a green ugly thing
 11171 | D:11     | Noticed Sonja
 11186 | D:11     | Killed Sonja
 11222 | D:11     | Reached skill level 10 in Fighting
 11438 | D:11     | Received a gift from Okawaru
 11454 | D:11     | Got a spiked plate armour {god gift}
 11465 | D:11     | Identified the +1 plate armour of Autotheism {rCorr Str+4} (Okawaru gifted it to you on level 11 of the Dungeon)
 11675 | D:11     | Noticed a hill giant
 11684 | D:11     | Killed a hill giant
 11716 | D:11     | Reached skill level 10 in Armour
 11719 | D:11     | Noticed a hill giant
 11735 | D:11     | Killed a hill giant
 11735 | D:11     | Reached XP level 12. HP: 57/106 MP: 12/12
 12031 | D:11     | Identified the +1 scimitar of Wumim {speed, Str+5 Dex+4} (Okawaru gifted it to you on level 1 of the Lair of Beasts)
 13528 | D:13     | You fall through a shaft!
 13802 | D:10     | Received a gift from Okawaru
 14254 | Lair:1   | Killed a three-headed hydra
 14817 | Lair:2   | You fall through a shaft for 2 floors!
 14839 | Lair:4   | Found a labyrinth entrance.
 14845 | Lab      | Entered a labyrinth
 15234 | Lab      | Noticed a minotaur
 15242 | Lab      | Killed a minotaur
 15251 | Lab      | Identified the Handbook of Dislocated Venom
 15285 | Lair:4   | Found an opulent altar of Gozag.
 15356 | Lair:2   | Noticed a catoblepas
 15844 | Lair:2   | Reached XP level 13. HP: 116/116 MP: 13/13
 16366 | Lair:2   | Reached skill level 1 in Stealth
 16868 | Lair:3   | Received a gift from Okawaru
 16943 | Lair:3   | Found a staircase to the Snake Pit.
 16952 | Lair:3   | Reached skill level 15 in Long Blades
 17011 | Lair:3   | Noticed Rupert
 17040 | Lair:3   | Killed Rupert
 17090 | Lair:3   | Found a staircase to the Shoals.
 17736 | Lair:3   | Received a gift from Okawaru
 18531 | Lair:5   | Reached skill level 15 in Shields
 18614 | Lair:5   | Received a gift from Okawaru
 18680 | Lair:5   | Reached XP level 14. HP: 72/127 MP: 14/14
 18694 | Lair:5   | Received a gift from Okawaru
 18876 | Lair:5   | Slain by a nine-headed hydra

Skill      XL: |  1  2  3  4  5  6  7  8  9 10 11 12 13 14 |
---------------+-------------------------------------------+-----
Shields        | 4 5 6 7 9 11 12 13 15 | 15.4
Long Blades    | 3 4 5 6 7 9 11 12 13 14 15 | 15.7
Fighting       | 4 5 6 7 8 10 11 12 13 | 13.1
Dodging        | 1 2 3 4 |  4.1
Armour         | 4 5 6 7 8 10 11 13 | 13.1
Evocations     | 1 2 |  2.4
Stealth        | 1 |  1.2
Invocations    | |  0.8

Action                   |  1- 3 |  4- 6 |  7- 9 | 10-12 | 13-15 || total
-------------------------+-------+-------+-------+-------+-------++-------
Melee: Long sword        |    86 |   176 |   389 |       |       ||   651
       Headbutt          |    15 |    36 |   103 |   260 |   183 ||   597
       Falchion          |       |       |    60 |   694 |       ||   754
       Scimitar          |       |       |       |   266 |   450 ||   716
Invok: Heroism           |       |       |       |     1 |     3 ||     4
Evoke: Wand              |       |       |     1 |    18 |       ||    19
  Use: Scroll            |       |     6 |     6 |    24 |     1 ||    37
       Potion            |       |       |     4 |     4 |     1 ||     9
  Eat: Chunk             |       |     6 |    12 |    31 |     9 ||    58
       Fruit             |       |       |     2 |     2 |       ||     4
       Royal jelly       |       |       |       |     1 |       ||     1
Armor: Scale mail        |    47 |    69 |    25 |       |       ||   141
       Plate armour      |       |       |    92 |   207 |   106 ||   405
Dodge: Dodged            |    32 |    75 |   123 |   194 |    80 ||   504
Block: Shield            |    64 |   104 |   236 |   463 |   233 ||  1100
       Rpst.: Long sword |    10 |    18 |    30 |       |       ||    58
       Falchion          |       |       |     3 |    28 |       ||    31
       Scimitar          |       |       |       |    10 |    22 ||    32
